AoeStats
← Der Sprudel

Arena

507550854Analyzed
1v1 RM · 14d ago on Sep 18, 2026· 22m 27s· 2 players
Game mode
Random Map
Map size
Tiny (2 player)
Population
200
Speed
Normal
Resources
Standard
Victory
Conquest
Starting age
Dark Age
Ending age
Imperial Age
RankedLock teamsTeams togetherTeam positionsShared explorationLock speedFull tech treeHidden civsTurbo modeCheats
Victory
Defeat
🇩🇪 Turks · Germany
1267
+15
🇪🇸 Spanish · Spain
1245
-15
Aprendiz
11:13 Feudal Age
14:47 Castle Age
13:57 Double-Bit Axe
14:28 Loom
17:50 Pikeman
Der Sprudel
10:36 Feudal Age
15:25 Castle Age
13:40 Double-Bit Axe
14:31 Horse Collar
16:20 Bow Saw
19:13 Forging
Connection lost

Rejoining the realm…

Still unreachable

The connection could not be restored.

Session expired

The server has moved on; the page needs a fresh start.